 Dungeon Crawl Stone Soup version 0.31.0-12-g77e489cdc1 (webtiles) character file.

Game seed: 16892218358485504150

428 Gadfly the Trooper (level 6, -13/38 HPs)
             Began as a Gargoyle Fighter on Mar 3, 2024.
             Was a Believer of Zin.
             Mangled by an ogre
             ... wielding a +0 giant club
              (23 damage)
             ... on level 4 of the Dungeon.
             The game lasted 00:05:16 (3743 turns).

Gadfly the Trooper (Gargoyle Fighter)               Turns: 3743, Time: 00:05:17

Health: -13/38     AC: 14    Str: 20    XL:     6   Next: 98%
Magic:  8/8        EV: 10    Int: 13    God:    Zin [**....]
Gold:   584        SH:  4    Dex: 11    Spells: 5/5 levels left

rFire   . . .        b - +2 dagger (venom)
rCold   . . .        c - +0 buckler
rNeg    + . .        l - +2 ring mail "Wecwum" {Int+5 Stlth+}
rPois   ∞            (no helmet)
rElec   +            e - scarf {repulsion}
rCorr   .            (no gloves)
SInv    .            i - +1 pair of boots
Will    .....        (no amulet)
Stlth   ++           (no ring)
HPRegen 0.26/turn    (no ring)
MPRegen 0.11/turn

%: repel missiles
@: no status effects
A: sickness immunity, AC +4, negative energy resistance 1, electricity
resistance, torment resistance 1, petrification resistance
a: Renounce Religion, Recite, Vitalisation, Donate Gold


You were on level 4 of the Dungeon.
You worshipped Zin.
Zin was pleased with you.
You visited 1 branch of the dungeon, and saw 4 of its levels.

You collected 1032 gold pieces.
You spent 345 gold pieces at shops.
You donated 103 gold pieces to Zin.

Inventory:

Hand Weapons
 a - a +0 flail
 b - a +2 dagger of venom (weapon)
Armour
 c - a +0 buckler (worn)
 e - a scarf of repulsion (worn)
 i - a +1 pair of boots (worn)
 l - the +2 ring mail "Wecwum" (worn) {Int+5 Stlth+}
   (You found it on level 2 of the Dungeon)

   Int+5:     It affects your intelligence (+5).
   Stlth+:    It makes you more stealthy.
Wands
 h - a wand of polymorph (7)
Scrolls
 f - 4 scrolls of identify
 j - a scroll of teleportation
 m - a scroll of blinking {unknown}
 n - a scroll of enchant weapon {unknown}
Potions
 d - a potion of might
 g - 4 potions of heal wounds
 k - a potion of attraction


   Skills:
 + Level 4.2 Fighting
 * Level 3.7 Maces & Flails
 + Level 4.1 Armour
 + Level 4.0 Shields
 * Level 3.4 Invocations
 * Level 2.6 Evocations


You had 5 spell levels left.
You didn't know any spells.
Your spell library contained the following spells:

 Spells                   Type           Power      Damage    Failure   Level
 Jinxbite                 Hex            0%         N/A       67%         2
 Dazzling Flash           Conj/Hex       0%         N/A       88%         3
 Fugue of the Fallen      Necr           0%         N/A       88%         3
 Ozocubu's Armour         Ice            0%         N/A       88%         3
 Volatile Blastmotes      Fire/Tloc      0%         2d10      88%         3
 Manifold Assault         Tloc           0%         N/A       99%         4
 Summon Forest            Summ/Tloc      0%         N/A       100%        5
 Summon Mana Viper        Hex/Summ       0%         N/A       100%        5
 Yara's Violent Unravell  Hex/Alch       0%         3d3       100%        5
 Conjure Ball Lightning   Conj/Air       0%         3x3d6     100%        6
 Starburst                Conj/Fire      0%         6d3       100%        6
 Summon Cactus Giant      Summ           0%         N/A       100%        6
 Enfeeble                 Hex            0%         N/A       100%        7
 Discord                  Hex            0%         N/A       100%        8
 Disjunction              Tloc           0%         N/A       100%        8
 Maxwell's Capacitive Co  Air            0%         ∞         100%        8


Dungeon Overview and Level Annotations

Branches:
Dungeon (4/15)             Temple (0/1) D:4

Altars:
Fedhas
Wu Jian
Zin

Shops:
D:3 *


Innate Abilities, Weirdness & Mutations

You are immune to sickness and miasma.
Your stone body is resilient. (AC +4)
You are immune to poison.
You resist negative energy. (rN+)
You are resistant to electric shocks. (rElec)
You are resistant to unholy torment.
You are immune to petrification.


Message History

No target in view!
No target in view!
No target in view!
You pay a tithe of 1 gold.
You now have 584 gold pieces (gained 10).
Found a staircase to the Ecumenical Temple.
An ogre comes into view. It is wielding a +0 giant club.
The ogre shouts!
An ogre is nearby!
Found 7 gold pieces.
You block the ogre's attack.
You hit the ogre.
The ogre is lightly wounded.
The ogre hits you with a +0 giant club!
You barely miss the ogre.
The ogre is lightly wounded.
You hit the ogre.
The ogre is poisoned.
The ogre is lightly wounded.
The ogre hits you with a +0 giant club!
* * * LOW HITPOINT WARNING * * *
You are too injured to fight recklessly!
You are too injured to fight recklessly!
You are too injured to fight recklessly!
You are too injured to fight recklessly!
You are too injured to fight recklessly!
You are too injured to fight recklessly!
You are too injured to fight recklessly!
You are too injured to fight recklessly!
You are too injured to fight recklessly!
You are too injured to fight recklessly!
You are too injured to fight recklessly!
You are too injured to fight recklessly!
You are too injured to fight recklessly!
Unknown command.
The ogre attacks as it pursues you! The ogre hits you with a +0 giant club.
* * * LOW HITPOINT WARNING * * *
The ogre attacks as it pursues you!
The ogre hits you with a +0 giant club!!
Ouch! That really hurt!
You die...

##.#####.##
#.######........
#.######.#
#########
#.....##.#
#####.##.#
#.##.# #.##.#
#.##.# #O##.#
#.@..# #.##.#
#.##.# ######


You could see an ogre (poisoned).

Vanquished Creatures
  Sigmund (D:3)
  An orc priest (D:4)
  Natasha (D:3)
  4 gnolls (D:2)
  7 adders
  5 dart slugs
  2 ribbon worms
  7 orcs
  9 bats
  7 endoplasms
  2 giant cockroaches
  12 goblins
  8 hobgoblins
  6 jackals (D:1)
  4 kobolds
  6 quokkas
  3 ball pythons
  2 frilled lizards
  4 rats
91 creatures vanquished.

Notes
Turn   | Place    | Note
-------+----------+-------------------------------------------
     0 | D:1      | Gadfly the Gargoyle Fighter began the quest for the Orb.
     0 | D:1      | Reached XP level 1. HP: 14/14 MP: 1/1
   123 | D:1      | Reached XP level 2. HP: 16/19 MP: 2/2
   158 | D:1      | Reached skill level 1 in Invocations
   282 | D:1      | Reached XP level 3. HP: 20/23 MP: 3/3
   342 | D:1      | Reached skill level 1 in Evocations
  1182 | D:2      | Reached XP level 4. HP: 16/29 MP: 5/5
  1357 | D:2      | Found an ornate altar of the Wu Jian Council.
  1503 | D:2      | Identified the +2 ring mail "Wecwum" {Int+5 Stlth+}
  2052 | D:2      | Identified a scroll of acquirement
  2052 | D:2      | Acquired 869 gold pieces
  2411 | D:3      | Noticed Sigmund
  2428 | D:3      | Killed Sigmund
  2429 | D:3      | Reached XP level 5. HP: 33/33 MP: 5/7
  2429 | D:3      | Reached XP level 6. HP: 38/38 MP: 5/8
  2473 | D:3      | Found a blossoming altar of Fedhas.
  2504 | D:3      | Noticed Natasha
  2517 | D:3      | Killed Natasha
  2633 | D:3      | Found a glowing silver altar of Zin.
  2676 | D:3      | Became a worshipper of Zin the Law-Giver
  2676 | D:3      | Reached * piety under Zin
  2676 | D:3      | Reached ** piety under Zin
  3265 | D:3      | Found Kyadelon's Assorted Antiques.
  3268 | D:3      | Bought an embroidered scarf for 184 gold pieces
  3273 | D:3      | Bought a curved glass wand for 92 gold pieces
  3273 | D:3      | Bought a scroll of teleportation for 69 gold pieces
  3674 | D:4      | Found a staircase to the Ecumenical Temple.
  3743 | D:4      | Mangled by an ogre

Illustrated notes

Levels and vault maps discovered:
D:1:      dpeg_arrival_renting, layout_loops_ring
D:2:      layout_loops_corners, basic_altar
D:3:      minmay_octagon_keep, layout_basic, mainiacjoe_overflow_brackets,
          mainiacjoe_overflow_concentric_impassable, serial_shops, shop,
          uniq_natasha, uniq_sigmund
D:4:      layout_basic, minmay_temple_entry_poolview

Skill      XL: |  1  2  3  4  5  6 |
---------------+-------------------+-----
Invocations    | 1 3 |  3.4
Evocations     | 1 2 |  2.6
Fighting       | 4 |  4.2
Maces & Flails | 3 |  3.7
Armour         | 4 |  4.1
Shields        | 4 |  4.0

Action                     |  1- 3 |  4- 6 || total
---------------------------+-------+-------++-------
  Melee: Dagger            |   116 |   187 ||   303
         Flail             |     5 |       ||     5
    Use: Scroll            |     3 |     6 ||     9
   Stab: Sleeping          |       |     1 ||     1
 Armour: Scale mail        |    72 |    19 ||    91
         Ring mail         |       |   106 ||   106
  Dodge: Dodged            |    43 |   105 ||   148
  Block: Buckler           |    19 |    53 ||    72
